 Dungeon Crawl Stone Soup version 0.29-a0-668-g12ee2bf84d (console) character file.

Game seed: 4145038153029737799

665 om the Conjurer (level 7, -2/32 HPs)
             Began as a Vine Stalker Conjurer on June 23, 2022.
             Was an Initiate of Vehumet.
             Slain by a water moccasin (5 damage)
             ... on level 6 of the Dungeon.
             The game lasted 00:11:59 (6247 turns).

om the Conjurer (Vine Stalker Conjurer)             Turns: 6247, Time: 00:12:00

Health: -2/32      AC:  5    Str:  9    XL:     7   Next: 57%
Magic:  0/15       EV: 13    Int: 18    God:    Vehumet [......]
Gold:   161        SH:  0    Dex: 15    Spells: 13/16 levels left

rFire   . . .      SeeInvis .   q - +2 whip (flame)
rCold   . . .      Faith    .   (no shield)
rNeg    + . .      Spirit   +   w - +1 leather armour {rN+}
rPois   .          Reflect  .   n - +0 helmet
rElec   .          Harm     .   (no cloak)
rCorr   .          Rampage  .   (no gloves)
Will    .....                   (no boots)
Stlth   ++........              m - amulet of regeneration
HPRegen 1.70/turn               (no ring)
MPRegen 0.14/turn               (no ring)

@: lethally poisoned (-2 -> -2)
A: fangs 2, regeneration 1, magic shield, antimagic bite, no potion heal 2
a: Renounce Religion


You were on level 6 of the Dungeon.
You worshipped Vehumet.
Vehumet was noncommittal.
You visited 2 branches of the dungeon, and saw 7 of its levels.

You collected 161 gold pieces.

Inventory:

Hand Weapons
 e - a +0 dagger
 j - a +0 falchion
 q - a +2 whip of flaming (weapon)
Missiles
 r - 27 stones
Armour
 a - a +0 robe
 n - a +0 helmet (worn)
 w - a +1 leather armour of positive energy (worn)
Jewellery
 m - an amulet of regeneration (around neck)
Wands
 u - a wand of light (7)
Scrolls
 d - a scroll of teleportation
 h - a scroll of amnesia
 l - a scroll of summoning
 p - 2 scrolls of immolation
 t - a scroll of silence {unknown}
 v - a scroll of blinking
 x - a scroll of acquirement {unknown}
Potions
 b - a potion of magic
 c - a potion of invisibility {unknown}
 f - 2 potions of curing
 g - 2 potions of attraction
 i - a potion of flight
 o - a potion of might
 s - a potion of ambrosia {unknown}


   Skills:
 * Level 5.0 Dodging
 - Level 3.0 Stealth
 - Level 5.0 Spellcasting
 - Level 5.0 Conjurations


You had 13 spell levels left.
You knew the following spells:

 Your Spells              Type           Power      Damage    Failure   Level
a - Magic Dart            Conj           88%        1d7       2%          1
b - Searing Ray           Conj           44%        2d6       3%          2

Your spell library contained the following spells:

 Spells                   Type           Power      Damage    Failure   Level
 Dazzling Flash           Conj/Hex       26%        N/A       21%         3
 Call Imp                 Summ           4%         N/A       28%         2
 Mephitic Cloud           Conj/Pois/Air  10%        N/A       28%         3
 Inner Flame              Hex/Fire       4%         N/A       50%         3
 Fulminant Prism          Conj/Hex       6%         3d7       54%         4
 Iskenderun's Mystic Bla  Conj/Tloc      13%        2d5       54%         4
 Cause Fear               Hex            2%         N/A       88%         4
 Discord                  Hex            2%         N/A       100%        8


Dungeon Overview and Level Annotations

Branches:
Dungeon (6/15)             Temple (1/1) D:5

Altars:
Ashenzari
Cheibriados
Elyvilon
Fedhas
Gozag
Hepliaklqana
Kikubaaqudgha
Makhleb
Nemelex Xobeh
Okawaru
Qazlal
Ru
Sif Muna
Uskayaw
Vehumet
Wu Jian
Yredelemnul
Zin
The Shining One


Innate Abilities, Weirdness & Mutations

You have extremely sharp teeth.
Your natural rate of healing is unusually fast.
When hurt, damage is shared between your health and your magic reserves.
Your bite disrupts and absorbs the magic of your enemies.
Potions cannot restore your health.


Message History

Press: ? - help, Shift-Dir - straight line, f - water moccasin
Aim: a water moccasin (63% to hit)
The searing ray hits the water moccasin.
The water moccasin is lightly wounded. (Press . to maintain the ray.)
The water moccasin bites you!
You are poisoned.
The water moccasin poisons you!
The searing ray hits the water moccasin.
The water moccasin is lightly wounded.
The searing ray hits the centaur.
The centaur is lightly wounded.
You feel very sick. The water moccasin bites you.
You are lethally poisoned!
The water moccasin poisons you!
The searing ray hits the water moccasin.
The water moccasin is moderately wounded.
The searing ray hits the centaur.
The centaur is moderately wounded.
* * * LOW HITPOINT WARNING * * *
You feel very sick. The water moccasin barely misses you.
The water moccasin bites you.
* * * LOW HITPOINT WARNING * * *
Your system rejects the healing.
You feel better. The water moccasin misses you.
Casting: Searing Ray (safe; 3% risk of failure)
Confirm with . or Enter, or press ? or * to list all spells.
You don't have enough magic to cast this spell.
The water moccasin bites you.
* * * LOW HITPOINT WARNING * * *
You are poisoned.
The water moccasin poisons you!
The water moccasin bites you but does no damage.
You feel very sick.
The water moccasin attacks as you move away!
The water moccasin bites you but does no damage.
You feel very sick.
You feel sick. The water moccasin bites you.
You die...

#.#.##.......
#.#.##.......
#............##
.#####.#.......#....
...............>..##.
...................
[..........##....#
####.#.#.##.##...#
.......<@Sc.....#
####.#...##o#...######
###.#...##.#.........
.......<...#?...#####
..#.#..###.##...#
...#... .......# ###
#... .......# #.#.
..##....# .. #o...#


You could see a water moccasin, a centaur and an orc.

Vanquished Creatures
  An ogre (D:4)
  A phantom (D:4)
  2 scorpions
  2 hounds
  An orc priest (D:5)
  4 iguanas
  Robin (D:2)
  5 adders
  A shadow imp (D:5)
  An ufetubus (D:4)
  3 worms
  6 dart slugs
  11 orcs
  7 bats
  14 endoplasms
  A giant cockroach (D:4)
  12 goblins
  8 hobgoblins
  7 quokkas
  A ball python (D:3)
  3 frilled lizards
  6 kobolds
  6 rats
104 creatures vanquished.

Vanquished Creatures (others)
  A quokka (D:4)
1 creature vanquished.

Grand Total: 105 creatures vanquished

Notes
Turn   | Place    | Note
-------+----------+-------------------------------------------
     0 | D:1      | om the Vine Stalker Conjurer began the quest for the Orb.
     0 | D:1      | Reached XP level 1. HP: 9/9 MP: 4/4
   177 | D:1      | Reached XP level 2. HP: 10/13 MP: 0/6
   893 | D:1      | Reached XP level 3. HP: 16/16 MP: 6/8
  1522 | D:2      | Learned a level 2 spell: Searing Ray
  1760 | D:2      | Gained mutation: Your natural rate of healing is unusually
                  | fast. [Vine Stalker growth]
  1760 | D:2      | Reached XP level 4. HP: 21/21 MP: 6/9
  1826 | D:2      | Noticed Robin
  1897 | D:2      | Killed Robin
  2617 | D:2      | Noticed a scorpion
  2622 | D:2      | Killed a scorpion
  2623 | D:2      | Reached XP level 5. HP: 24/24 MP: 3/11
  3597 | D:4      | Noticed an ogre
  3608 | D:4      | Killed an ogre
  3609 | D:4      | Reached XP level 6. HP: 28/28 MP: 4/13
  3707 | D:4      | Found a basalt altar of Yredelemnul.
  4340 | D:4      | Found a white marble altar of Elyvilon.
  4381 | D:4      | Reached skill level 5 in Conjurations
  4434 | D:4      | Reached skill level 5 in Spellcasting
  4434 | D:4      | Reached XP level 7. HP: 30/32 MP: 8/15
  4836 | D:5      | Entered Level 5 of the Dungeon
  5113 | D:5      | Found a staircase to the Ecumenical Temple.
  5125 | Temple   | Entered the Ecumenical Temple
  5429 | Temple   | Became a worshipper of Vehumet
  6232 | D:6      | Reached skill level 5 in Dodging
  6247 | D:6      | Slain by a water moccasin

Illustrated notes

Levels and vault maps discovered:
D:1:      kilobyte_arrival_exit_the_forest, layout_basic, minivault_14
D:2:      layout_basic, uniq_robin
D:3:      layout_basic
D:4:      layout_basic, elyvilon_altar_4, mainiacjoe_overflow_boulevard
D:5:      layout_cave_pods, minmay_temple_entry_antechambers
D:6:      layout_basic
Temple:   minmay_temple_bridge_d

Skill      XL: |  1  2  3  4  5  6  7 |
---------------+----------------------+-----
Dodging        | 2 3 4 5 |  5.0
Stealth        | 3 |  3.0
Spellcasting   | 3 4 5 |  5.0
Conjurations   | 5 |  5.0

Action                   |  1- 3 |  4- 6 |  7- 9 || total
-------------------------+-------+-------+-------++-------
Melee: Unarmed           |    12 |       |       ||    12
       Bite              |     7 |    16 |     8 ||    31
       Dagger            |    18 |       |       ||    18
       Falchion          |     9 |    10 |       ||    19
       Whip              |       |    41 |    23 ||    64
       Punch             |       |     1 |       ||     1
 Cast: Magic Dart        |    51 |    87 |    29 ||   167
       Searing Ray       |       |    12 |     4 ||    16
  Use: Scroll            |     1 |     3 |     5 ||     9
       Potion            |       |     2 |     1 ||     3
 Stab: Sleeping          |     3 |     1 |     1 ||     5
Armor: Robe              |    10 |     8 |       ||    18
       Leather armour    |       |     4 |    12 ||    16
Dodge: Dodged            |    28 |    40 |    21 ||    89

Table legend: (Time is in decaauts)
 A = Elapsed time spent in this place.
 B = Non-inter-level travel time spent in this place.
 C = Inter-level travel time spent in this place.
 D = Time resting spent in this place.
 E = Time spent auto-exploring this place.
 F = Levels seen in this place.
 G = Mean time per level.
                   A        B        C        D        E       F      G
               +--------+--------+--------+--------+--------+-----+--------+
         Total |   6270 |   5881 |    389 |    735 |   4280 |   7 |  895.7 |
       Dungeon |   5890 |   5655 |    235 |    735 |   4066 |   6 |  981.7 |
        Temple |    379 |    225 |    154 |      0 |    214 |   1 |  379.0 |
               +--------+--------+--------+--------+--------+-----+--------+

Top non-repeatable levels by time:
     D:1: 1534 daAuts
     D:4: 1333 daAuts
     D:2: 1322 daAuts
     D:5: 969 daAuts
     D:3: 667 daAuts
  Temple: 379 daAuts
     D:6: 63 daAuts
